 Dungeon Crawl Stone Soup version 0.29.1-15-g9cfb28693d (webtiles) character file.

Game seed: 10996314210716748790

226 Spock the Covert (level 6, -3/50 HPs)
             Began as a Gnoll Brigand on Apr 11, 2023.
             Was a Follower of Nemelex Xobeh.
             Slain by a gnoll
             ... wielding a +0 whip
              (6 damage)
             ... on level 4 of the Dungeon.
             The game lasted 00:12:44 (2344 turns).

Spock the Covert (Gnoll Brigand)                    Turns: 2344, Time: 00:12:50

Health: -3/50      AC:  5    Str: 10    XL:     6   Next: 1%
Magic:  8/8        EV: 13    Int: 12    God:    Nemelex Xobeh [*.....]
Gold:   147        SH:  0    Dex: 14    Spells: 5/8 levels left

rFire   . . .      SeeInvis +   g - +4 quarterstaff (chaos)
rCold   + . .      Faith    .   (shield currently unavailable)
rNeg    . . .      Spirit   .   b - +0 robe
rPois   .          Reflect  .   (no helmet)
rElec   .          Harm     .   k - +2 cloak
rCorr   .          Rampage  .   (no gloves)
Will    .....                   (no boots)
Stlth   ++++......              (no amulet)
HPRegen 0.16/turn               a - ring of protection from cold
MPRegen 0.11/turn               o - ring of see invisible

@: no status effects
A: fangs 1, strong nose, distributed training
a: Renounce Religion, Draw Escape, Draw Destruction, Draw Summoning


You were on level 4 of the Dungeon.
You worshipped Nemelex Xobeh.
Nemelex Xobeh was aware of your devotion.
You visited 1 branch of the dungeon, and saw 4 of its levels.

You collected 147 gold pieces.

Inventory:

Hand Weapons
 g - a +4 quarterstaff of chaos (weapon)
 i - a +0 dagger of pain
Missiles
 d - 10 poisoned darts (quivered)
 e - 3 curare-tipped darts
Armour
 b - a +0 robe (worn)
 c - a +0 cloak
 k - a +2 cloak (worn)
Jewellery
 a - a ring of protection from cold (left hand)
 o - a ring of see invisible (right hand)
Scrolls
 j - a scroll of magic mapping
 l - a scroll of vulnerability
 p - a scroll of silence
 r - a scroll of teleportation {unknown}
Potions
 f - a potion of invisibility {unknown}
 m - a potion of berserk rage {unknown}
 q - a potion of heal wounds {unknown}


   Skills:
 + Level 4.9 Fighting
 + Level 4.9 Short Blades
 + Level 1.8 Long Blades
 + Level 1.8 Axes
 + Level 1.8 Maces & Flails
 + Level 1.8 Polearms
 + Level 1.8 Staves
 + Level 1.8 Ranged Weapons
 + Level 4.9 Throwing
 + Level 1.8 Armour
 + Level 3.1 Dodging
 + Level 8.0 Stealth
 + Level 1.8 Shields
 + Level 1.8 Unarmed Combat
 + Level 1.8 Spellcasting
 + Level 1.4 Conjurations
 + Level 1.4 Hexes
 + Level 1.4 Summonings
 + Level 1.4 Necromancy
 + Level 1.4 Translocations
 + Level 1.4 Transmutations
 + Level 1.4 Fire Magic
 + Level 1.4 Ice Magic
 + Level 1.4 Air Magic
 + Level 1.4 Earth Magic
 + Level 1.4 Poison Magic
 + Level 2.0 Invocations
 + Level 1.8 Evocations


You had 5 spell levels left.
You knew the following spells:

 Your Spells              Type           Power      Damage    Failure   Level
a - Ozocubu's Armour      Ice            4%         N/A       43%         3

Your spell library contained the following spells:

 Spells                   Type           Power      Damage    Failure   Level
 Gell's Gravitas          Tloc           4%         N/A       43%         3
 Teleport Other           Tloc           4%         N/A       43%         3
 Dispersal                Tloc           2%         N/A       100%        6
 Ozocubu's Refrigeration  Ice            2%         4d7       100%        7


Dungeon Overview and Level Annotations

Branches:
Dungeon (4/15)             Temple (0/1) D:4

Altars:
Nemelex Xobeh


Innate Abilities, Weirdness & Mutations

You have very sharp teeth.
Your uncanny sense of smell can sniff out nearby items.
Your experience applies equally to all skills.


Message History

The ufetubus is moderately wounded.
The ufetubus hits you but does no damage.
The ufetubus hits you. The ufetubus misses you. The ufetubus barely misses you.
You closely miss the ufetubus.
The ufetubus is moderately wounded.
The ufetubus closely misses you. The ufetubus completely misses you.
The ufetubus barely misses you. The ufetubus misses you.
You hit the ufetubus but do no damage. Lightning courses through the ufetubus!
You kill the ufetubus!
The phantom misses you.
Unknown command.
It was a potion of curing.
You feel better. The phantom hits you.
The phantom blinks!
You blink.
You hit the phantom. You burn the phantom.
The phantom is almost destroyed.
The gnoll hits you with a +0 whip. The phantom completely misses you.
You hit the phantom.
You destroy the phantom!
The gnoll hits you but does no damage.
Your Stealth skill increases to level 8!
Your Invocations skill increases to level 2!
You have reached level 6!
You feel better. The gnoll hits you with a +0 flail.
The gnoll barely misses you.
You completely miss the gnoll. The gnoll hits you with a +0 flail.
The gnoll hits you but does no damage. The gnoll misses you.
You barely miss the gnoll. The gnoll hits you with a +0 whip!
* * * LOW HITPOINT WARNING * * *
The gnoll hits you with a +0 flail.
* * * LOW HITPOINT WARNING * * *
The gnoll barely misses you. The gnoll closely misses you.
You hit the gnoll. You freeze the gnoll.
The gnoll is lightly wounded.
The gnoll hits you with a +0 whip.
* * * LOW HITPOINT WARNING * * *
The gnoll hits you with a +0 flail.
* * * LOW HITPOINT WARNING * * *
The gnoll closely misses you. The gnoll hits you with a +0 whip.
You die...
Your body disappears without a glow.

###.......### ..........#.###
#............###
.#.............?#
.............../
...............# ##..
........##.....# 88#..
.......###.....# ...8..
....<..#.>..g@.# .>.8..
.......#....ggg# ...8..
.......#.......####8.8#..#
##.$#...##......ยง........####.
.....=.#.#.#.............
...##..####.............
..####..###..............
..#......##..............
.$.......##..............


You could see 4 gnolls.

Vanquished Creatures
  A phantom (D:4)
  Crazy Yiuf (D:2)
  4 adders
  An ufetubus (D:4)
  2 dart slugs
  An orc (D:4)
  5 ball pythons
  6 endoplasms
  7 giant cockroaches
  6 goblins
  10 hobgoblins
  6 jackals (D:1)
  4 quokkas
  7 bats
  3 frilled lizards (D:1)
  5 kobolds
  5 rats
74 creatures vanquished.

Vanquished Creatures (others)
  2 fungi (D:2)
2 creatures vanquished.

Grand Total: 76 creatures vanquished

Notes
Turn   | Place    | Note
-------+----------+-------------------------------------------
     0 | D:1      | Spock the Gnoll Brigand began the quest for the Orb.
     0 | D:1      | Reached XP level 1. HP: 20/20 MP: 1/1
   102 | D:1      | Reached XP level 2. HP: 19/26 MP: 2/2
   331 | D:2      | Reached XP level 3. HP: 27/31 MP: 3/3
   419 | D:2      | Reached skill level 1 in Invocations
   466 | D:2      | Found a sparkling altar of Nemelex Xobeh.
   523 | D:2      | Became a worshipper of Nemelex Xobeh the Trickster
   624 | D:2      | Reached skill level 1 in Long Blades
   624 | D:2      | Reached skill level 1 in Axes
   624 | D:2      | Reached skill level 1 in Maces & Flails
   624 | D:2      | Reached skill level 1 in Polearms
   624 | D:2      | Reached skill level 1 in Staves
   624 | D:2      | Reached skill level 1 in Ranged Weapons
   624 | D:2      | Reached skill level 1 in Armour
   624 | D:2      | Reached skill level 1 in Shields
   624 | D:2      | Reached skill level 1 in Unarmed Combat
   624 | D:2      | Reached skill level 1 in Spellcasting
   624 | D:2      | Reached skill level 1 in Evocations
   713 | D:2      | Reached XP level 4. HP: 38/38 MP: 5/5
   769 | D:2      | Found a runed translucent door.
   770 | D:2      | Noticed Crazy Yiuf
   788 | D:2      | Killed Crazy Yiuf
   789 | D:2      | Reached skill level 1 in Conjurations
   789 | D:2      | Reached skill level 1 in Hexes
   789 | D:2      | Reached skill level 1 in Summonings
   789 | D:2      | Reached skill level 1 in Necromancy
   789 | D:2      | Reached skill level 1 in Translocations
   789 | D:2      | Reached skill level 1 in Transmutations
   789 | D:2      | Reached skill level 1 in Fire Magic
   789 | D:2      | Reached skill level 1 in Ice Magic
   789 | D:2      | Reached skill level 1 in Air Magic
   789 | D:2      | Reached skill level 1 in Earth Magic
   789 | D:2      | Reached skill level 1 in Poison Magic
  1367 | D:1      | Found a faded altar of an unknown god.
  1610 | D:1      | Reached XP level 5. HP: 43/43 MP: 7/7
  2172 | D:2      | You fall into a shaft and drop 1 floor!
  2199 | D:3      | Learned a level 3 spell: Ozocubu's Armour
  2279 | D:4      | Reached * piety under Nemelex Xobeh
  2303 | D:4      | Noticed a phantom
  2314 | D:4      | Found a staircase to the Ecumenical Temple.
  2340 | D:4      | Killed a phantom
  2341 | D:4      | Reached skill level 8 in Stealth
  2341 | D:4      | Reached XP level 6. HP: 19/50 MP: 8/8
  2344 | D:4      | Slain by a gnoll

Illustrated notes

Levels and vault maps discovered:
D:1:      minmay_arrival_loop, layout_loops_ring,
          chequers_ecumenical_altar_simple_redux, st_stairs_13
D:2:      minmay_recursive_quarters, layout_basic, serial_rivers,
          chequers_serial_rivers_large_b, chequers_serial_rivers_marsh,
          chequers_serial_rivers_micro_c, chequers_serial_rivers_micro_a,
          basic_altar, interstate_on_off, uniq_crazy_yiuf_cottage
D:3:      layout_basic, nicolae_ru_great_annihilating_truth
D:4:      layout_cave_pools, grunt_temple_overflow_open,
          minmay_temple_entry_statues, bh_walls_and_bars

Skill      XL: |  1  2  3  4  5 |
---------------+----------------+-----
Invocations    | 1 2 |  2.0
Long Blades    | 1 |  1.8
Axes           | 1 |  1.8
Maces & Flails | 1 |  1.8
Polearms       | 1 |  1.8
Staves         | 1 |  1.8
Ranged Weapons | 1 |  1.8
Armour         | 1 |  1.8
Shields        | 1 |  1.8
Unarmed Combat | 1 |  1.8
Spellcasting   | 1 |  1.8
Evocations     | 1 |  1.8
Conjurations   | 1 |  1.4
Hexes          | 1 |  1.4
Summonings     | 1 |  1.4
Necromancy     | 1 |  1.4
Translocations | 1 |  1.4
Transmutations | 1 |  1.4
Fire Magic     | 1 |  1.4
Ice Magic      | 1 |  1.4
Air Magic      | 1 |  1.4
Earth Magic    | 1 |  1.4
Poison Magic   | 1 |  1.4
Dodging        | 3 |  3.1
Stealth        | 8 |  8.0
Fighting       | |  4.9
Short Blades   | |  4.9
Throwing       | |  4.9

Action                   |  1- 3 |  4- 6 || total
-------------------------+-------+-------++-------
Melee: Dagger            |    80 |    11 ||    91
       Bite              |     6 |    13 ||    19
       Punch             |     1 |       ||     1
       Quarterstaff      |       |   100 ||   100
Throw: Dart              |     6 |     6 ||    12
  Use: Scroll            |     5 |     4 ||     9
       Potion            |       |     2 ||     2
 Stab: Sleeping          |     6 |    10 ||    16
       Distracted        |       |     1 ||     1
Armor: Robe              |    11 |    47 ||    58
Dodge: Dodged            |    47 |    81 ||   128
